Unix NetHack Version 5.0.0-0 post-release - last build May  4 2026 22:22:43 (774f63e81ad911689b3a0859ea89b322d5daca8d,branch:main).

Game began 2026-05-10 03:36:15, ended 2026-05-10 03:42:08.

Brudee, neutral female gnomish Archeologist

                                           ----
                                           |..----
                                         ---.....|
                                        --.......|
                                       --.......--
                                    ----.........---  --  .
                                  -..<..x..x....h.........--
                                  -----............----....
                                      -............|.|...-
                                     |...----...........-
                                     --.--  --....xGh...:.-
                                      ---    ---.d.....----
                                            |......---..|
                                            | ------    -

Brudee the Digger          St:11 Dx:8 Co:15 In:17 Wi:15 Ch:9  Neutral
Dlvl:4  $:17 HP:0(12) Pw:3(3) AC:9  Xp:1/8 T:293 

Latest messages:
 You see here 2 food rations.
 You learn more about your items by comparing them.
 d - 2 uncursed food rations (5 in total).
 You swap places with your little dog.
 The door opens.
 You swap places with the peaceful acid blob.
 You see here a large box.
 Hmmm, the large box turns out to be locked.
 You see here a locked large box.
 There is a locked large box here; force its lock? [ynq] (q) y
 You force your runed broadsword into a crack and pry.
 You succeed in forcing the lock.
 You decipher the label on your scroll labeled READ ME.
 o - a scroll of enchant armor.
 You descend the stairs.
 You hit the gecko.
 You miss the gecko.
 The little dog misses the gecko.
 You miss the gecko.
 The little dog bites the gecko.
 The gecko is killed!
 You see here a gecko corpse.
 There is a gecko corpse here; eat it? [ynq] (n) y
 This gecko corpse is gamey.
 You finish eating the gecko corpse.
 You see here a sack.
 p - a sack.
 Loot in what direction? <space>
 Never mind.
 What do you want to use or apply? [ae-jp or ?*] p
 You stop.  Your little dog is in the way!
 The little dog misses the grid bug.
 You swap places with your little dog.
 You miss the grid bug.
 The hobbit throws a dagger!
 You are hit by a dagger.
 The grid bug bites!
 You get zapped!
 The little dog bites the grid bug.
 The little dog misses the grid bug.
 The hobbit hits!
 The little dog misses the grid bug.
 You miss the hobbit.
 The little dog misses the grid bug.
 The hobbit hits!
 The grid bug bites!
 You get zapped!
 You die...
 Do you want your possessions identified? [ynq] (y) y
 Do you want to see your attributes? [ynq] (y) q

Inventory:
 Coins    ('$')
  $ - 17 gold pieces
 Weapons  (')')
  k - a cursed -3 spear
  a - a +2 bullwhip
  m - a +0 elven broadsword (weapon in right hand)
 Armor    ('[')
  c - an uncursed +0 fedora (being worn)
  b - a blessed +0 leather jacket (being worn)
 Comestibles  ('%')
  d - 5 uncursed food rations
 Scrolls  ('?')
  o - a blessed scroll of enchant armor
  n - an uncursed scroll of enchant weapon
 Potions  ('!')
  l - an uncursed potion of extra healing
 Tools    ('(')
  h - an empty uncursed sack
  p - an uncursed sack containing 1 item
  i - a magic marker (0:21)
  e - a +0 pick-axe (alternate weapon; not wielded)
  j - a cursed tin whistle
  f - a tinning kit (0:57)
 Gems/Stones  ('*')
  g - an uncursed touchstone

Contents of the sack:
  an uncursed food ration

Brudee the Archeologist's attributes:

Background:
 You were a Digger, a level 1 female gnomish Archeologist.
 You were neutral, on a mission for Camaxtli
 who was opposed by Quetzalcoatl (lawful) and Huhetotl (chaotic).
 You were right-handed.
 You were in the Gnomish Mines, on level 4.
 You entered the dungeon 293 turns ago.
 It was nighttime.
 You had 8 experience points, 12 more were needed to attain level 2.

Basics:
 You had 0 out of 12 hit points.
 You had all 3 energy points (spell power).
 Your armor class was 9.
 Your wallet contained 17 zorkmids.
 Autopickup was on for '$"?+!=/' plus thrown.

Final Characteristics:
 Your strength was 11 (limit:18/50).
 Your dexterity was 8 (limit:18).
 Your constitution was 15 (limit:18).
 Your intelligence was 17 (limit:19).
 Your wisdom was 15 (limit:18).
 Your charisma was 9 (limit:18).

Final Status:
 You weren't hungry.
 You were unencumbered.
 You were wielding a broadsword.
 You had no skill with broadsword.

Final Attributes:
 You were fervently aligned.
 You had automatic searching.
 You had infravision.
 You were lucky.
 You are dead.

Miscellaneous:
 You didn't encounter any bones levels.
 Total elapsed playing time was 5 minutes and 51 seconds.

Major events:
 Turn
    1: Brudee the neutral female gnomish Archeologist entered the dungeon
  268: entered the Gnomish Mines
  293: killed by a grid bug

You didn't know any spells.

Skills:
 Fighting Skills
   bare handed combat [Unskilled]
   two weapon combat  [Unskilled]
   riding             [Unskilled]
 Weapon Skills
   dagger             [Unskilled]
   knife              [Unskilled]
   pick-axe           [Basic]
   short sword        [Unskilled]
   saber              [Unskilled]
   club               [Unskilled]
   quarterstaff       [Unskilled]
   sling              [Unskilled]
   dart               [Unskilled]
   boomerang          [Unskilled]
   whip               [Basic]
   unicorn horn       [Unskilled]
 Spellcasting Skills
   attack spells      [Unskilled]
   healing spells     [Unskilled]
   divination spells  [Unskilled]
   matter spells      [Unskilled]

Voluntary challenges:
 Character rerolling was not enabled.
 You were an atheist.
 You never genocided any monsters.
 You never polymorphed an object.
 You never changed form.
 You used no wishes.
Achievement:
 You entered the Gnomish Mines.

 The Dungeons of Doom: levels 1 to 3
    Level 1:
       A grave.
    Level 2:
    Level 3:
       Stairs down to The Gnomish Mines.
 The Gnomish Mines:
    Level 4: <- You were here.
       Final resting place for
          you, killed by a grid bug.


Vanquished creatures:
  a gecko
  a kobold
  a grid bug
  a newt
4 creatures vanquished.

No species were genocided or became extinct.

Game over:
                       ----------
                      /          \
                     /    REST    \
                    /      IN      \
                   /     PEACE      \
                  /                  \
                  |      Brudee      |
                  |      17 Au       |
                  | killed by a grid |
                  |       bug        |
                  |                  |
                  |                  |
                  |       2026       |
                 *|     *  *  *      | *
        _________)/\\_//(\/(/\)/\//\/|_)_______

Goodbye Brudee the Archeologist...

You died in The Gnomish Mines on dungeon level 4 with 198 points,
and 17 pieces of gold, after 293 moves.
You were level 1 with a maximum of 12 hit points when you died.

